 Dungeon Crawl Stone Soup version bcrawl-1.21.3 (webtiles) character file.

Game seed: 5224414830197440860

67 funkygono the Cudgeler (level 3, -15/23 HPs)
             Began as a Skeleton Reaver on Apr 1, 2020.
             Was a Follower of Vehumet.
             Demolished by an ogre
             ... wielding a +0 giant club
              (24 damage)
             ... on level 3 of the Dungeon.
             The game lasted 00:05:48 (2066 turns).

funkygono the Cudgeler (Skeleton Reaver)            Turns: 2066, Time: 00:05:49

Health: -15/23     AC:  4    Str: 17      XL:     3   Next: 98%
Magic:  0/7        EV: 12    Int: 12 (13) God:    Vehumet [*.....]
Gold:   202        SH:  0    Dex:  7      Spells: 7/8 levels left

rFire    . . .     SeeInvis .   a - +0 flail
rCold    + + .     Gourm    .   (no shield)
rNeg     + + +     Faith    .   m - +1 leather armour {rN+}
rPois    ∞         Spirit   +   (no helmet)
rElec    .         Reflect  .   (no cloak)
rCorr    .         Harm     .   (no gloves)
MR       .....                  (no boots)
Stlth    +.........             (no amulet)
HPRegen  0.07/turn              l - ring of protection from cold
MPRegen  0.10/turn              (no ring)

@: no status effects
A: no food or potions, cold resistance 1, deterioration 1, negative energy
resistance 3, torment resistance, unbreathing, magic shield, sturdy frame 1,
spell healing
a: Renounce Religion


You were on level 3 of the Dungeon.
You worshipped Vehumet.
Vehumet was aware of your devotion.
You were not hungry.

You visited 1 branch of the dungeon, and saw 3 of its levels.

You collected 202 gold pieces.

Inventory:

Hand Weapons
 a - a +0 flail (weapon)
Missiles
 d - 98 stones (quivered)
Armour
 b - +0 steam dragon scales
 m - a +1 leather armour of positive energy (worn)
Jewellery
 f - an uncursed amulet of guardian spirit
 l - a ring of protection from cold (left hand)
Scrolls
 c - 2 scrolls of immolation
 e - 6 scrolls of identify
 i - 2 scrolls of remove curse


   Skills:
 + Level 3.3 Fighting
 + Level 4.5 Maces & Flails
 * Level 0.1 Armour
 + Level 3.7 Dodging
 + Level 0.4 Stealth
 + Level 3.1 Spellcasting
 + Level 0.1 Conjurations
 + Level 0.4 Fire Magic


You had 7 spell levels left.
You knew the following spells:

 Your Spells              Type           Power        Failure   Level  Hunger
a - Flame Tongue          Conj/Fire      #....        6%          1    N/A

Your spell library contained the following spells:

 Spells                   Type           Power        Failure   Level  Hunger
 Iskenderun's Battlesphe  Conj/Chrm      #.......     83%         5    N/A

Dungeon Overview and Level Annotations

Branches:
Dungeon (3/12)

Altars:
Gozag


Innate Abilities, Weirdness & Mutations

You do not eat or drink.
You are immune to poison.
Your flesh is cold resistant. (rC+)
Your body sometimes deteriorates upon taking damage.
You are immune to negative energy. (rN+++)
You are immune to unholy pain and torment.
You can survive without breathing.
When hurt, damage is shared between your health and your magic reserves.
Your movements are slightly less encumbered by armour. (ER -2)
Casting spells heals you.


Message History

You hit the quokka.
You kill the quokka!
Vehumet accepts your kill. The goblin barely misses you.
The goblin closely misses you.
You see here a quokka corpse.
You hit the goblin.
You kill the goblin!
Vehumet accepts your kill.
You see here a goblin corpse.
You start resting.
Magic restored.
HP restored.
There is a stone staircase leading down here.
You climb downwards.
The ogre hits you with a +0 giant club!
Ouch! That really hurt!
Your body deteriorates!
You feel dopey.
The ogre hits you with a +0 giant club!!
Ouch! That really hurt!
You die...

# .# ##
##########.#...
..?..........#.
#......O......
#...@.?.....
#########..#


You could see an ogre.

Vanquished Creatures
  An adder (D:2)
  2 dart slugs (D:2)
  4 leopard geckos (D:2)
  An orc (D:2)
  2 giant cockroaches
  8 hobgoblins
  4 jackals (D:2)
  4 kobolds
  A quokka (D:2)
  8 bats
  2 frilled lizards (D:2)
  6 goblins
  3 rats
46 creatures vanquished.

Notes
Turn   | Place    | Note
-------+----------+-------------------------------------------
     0 | D:1      | funkygono the Skeleton Reaver began the quest for the Orb.
     0 | D:1      | Reached XP level 1. HP: 14/14 MP: 4/4
   301 | D:1      | Reached XP level 2. HP: 14/19 MP: 4/6
   410 | D:1      | Reached skill level 4 in Maces & Flails
  1057 | D:2      | Reached XP level 3. HP: 23/23 MP: 7/7
  1120 | D:2      | Reached * piety under Vehumet
  1120 | D:2      | Offered knowledge of Flame Tongue by Vehumet.
  1131 | D:2      | Learned a level 1 spell: Flame Tongue
  1171 | D:2      | Found a faded altar of an unknown god.
  1678 | D:2      | Found an opulent altar of Gozag.
  2045 | D:3      | Noticed an ogre
  2066 | D:3      | Demolished by an ogre

Skill      XL: |  1  2 |
---------------+-------+-----
Maces & Flails | 4 |  4.5
Fighting       | |  3.3
Armour         | |  0.1
Dodging        | |  3.7
Stealth        | |  0.4
Spellcasting   | |  3.1
Conjurations   | |  0.1
Fire Magic     | |  0.4

Action                   || total
-------------------------++-------
Melee: Flail             ||   123
 Cast: Flame Tongue      ||    32
  Use: Scroll            ||     5
Armor: Steam dragon scal ||    78
Dodge: Dodged            ||   137
